 Dungeon Crawl Stone Soup version 0.29.0 (webtiles) character file.

Game seed: 6089626261786962234

16 Dorkslayer the Conjurer (level 2, 0/18 HPs)
             Began as an Octopode Conjurer on Sept 9, 2022.
             Succumbed to a goblin's poison
             ... on level 1 of the Dungeon.
             The game lasted 00:04:00 (1322 turns).

Dorkslayer the Conjurer (Octopode Conjurer)         Turns: 1322, Time: 00:04:00

Health: 0/18       AC:  5    Str:  4 (6)  XL:     2   Next: 58%
Magic:  4/5        EV: 13    Int: 17 (20) God:
Gold:   119        SH:  0    Dex:  8 (10) Spells: 4/5 levels left

rFire   . . .      SeeInvis .   b - +0 short sword
rCold   . . .      Faith    .   (no shield)
rNeg    . . .      Spirit   .   (helmet restricted)
rPois   .          Reflect  .   (no amulet)
rElec   .          Harm     .   f - +4 ring of protection
rCorr   .          Rampage  .   (no ring)
Will    .....                   (no ring)
Stlth   +++.......              (no ring)
HPRegen 0.06/turn               (no ring)
MPRegen 0.09/turn               (no ring)
                                (no ring)
                                (no ring)

@: lethally poisoned (0 -> -3)
A: almost no armour, amphibious, 8 rings, camouflage 1, gelatinous body 1,
(nimble swimmer 1), tentacles
a: no special abilities


You were on level 1 of the Dungeon.
You visited 1 branch of the dungeon, and saw 2 of its levels.

You collected 119 gold pieces.

Inventory:

Hand Weapons
 b - a +0 short sword (weapon)
Jewellery
 f - a +4 ring of protection (left tentacle)
Scrolls
 c - a scroll of amnesia {unknown}
 d - 2 scrolls of magic mapping
 i - a scroll of teleportation {unknown}
 j - a scroll of identify {unknown}
Potions
 a - a potion of magic


   Skills:
 * Level 0.3 Fighting
 * Level 2.2 Dodging
 + Level 2.7 Stealth
 * Level 0.1 Unarmed Combat
 * Level 2.1 Spellcasting
 + Level 4.3 Conjurations


You had 4 spell levels left.
You knew the following spells:

 Your Spells              Type           Power      Damage    Failure   Level
a - Magic Dart            Conj           64%        1d6       3%          1

Your spell library contained the following spells:

 Spells                   Type           Power      Damage    Failure   Level
 Searing Ray              Conj           32%        2d5       4%          2
 Dazzling Flash           Conj/Hex       18%        N/A       24%         3
 Fulminant Prism          Conj/Hex       4%         3d6       61%         4
 Iskenderun's Mystic Bla  Conj/Tloc      9%         2d4       61%         4
 Animate Dead             Necr           1%         N/A       88%         4
 Borgnjor's Vile Clutch   Necr/Erth      0%         N/A       99%         5
 Death Channel            Necr           0%         N/A       100%        6


Dungeon Overview and Level Annotations

Branches:
Dungeon (2/15)

Altars:

Annotations:
D:2 Robin


Innate Abilities, Weirdness & Mutations

You cannot wear most types of armour.
You are amphibious.
You can wear up to eight rings at the same time.
Your skin changes colour to match your surroundings (Stealth+).
Your rubbery body absorbs attacks. (AC +1, EV +1)
((You are camouflaged when in or above water. (Stealth+)))
You have tentacles for arms and can constrict up to eight enemies at once.


Message History

You feel weakened.
You feel dopey.
You feel clumsy. The goblin hits you but does no damage.
You feel better. The goblin misses you.
A hobgoblin comes into view.
Robin says, "Bow before me, strongest of all the hobgoblins!"
It was a potion of cancellation.
Your magical effects are unravelling.
You feel magically purged.
You feel a little less mighty now. The goblin misses you.
Okay, then.
Casting: Magic Dart (safe; 3% risk of failure)
Confirm with . or Enter, or press ? or * to list all spells.
Aiming: Magic Dart (safe; 3% risk of failure)
Press: ? - help, Shift-Dir - straight line, f - goblin
Aim: a goblin, wielding a +0 club (100% to hit)
The magic dart hits the goblin.
The goblin is severely wounded.
The hobgoblin shouts!
The goblin misses you. Robin throws the goblin at you!
The goblin hits you with a +2 dagger of venom.
You are lethally poisoned!
The goblin attacks as you move away! The goblin closely misses you.
You feel very sick. The goblin attacks as you move away!
The goblin hits you but does no damage.
You feel sick.
There is an open door here.
Okay, then.
* * * LOW HITPOINT WARNING * * *
You feel sick.
There is a stone staircase leading up here.
* * * LOW HITPOINT WARNING * * *
You feel sick. The goblin misses you.
You climb upwards.
* * * LOW HITPOINT WARNING * * *
You feel sick.
There is a stone staircase leading down here.
You closely miss the goblin. Your grab misses the goblin.
The goblin is severely wounded.
You die...

.........##.........#.# #.#
.........##.......#.#.# #.#
.........##.......#.#.# #.#
.........##.......#.#.# #.#
.......).##.......#.#.# #.#
.........##(......#.#.# #.#
.........##.......#.#.# #.#
..#########....g..#.#.####.####
................@.............#
##.########......#########.##.#
##..############.# #...# #.##.#
............# #.###.#.# #.##.#
............# #.....#.# #.#..#
............# #.#####.# #.#.##
........).(.# #.# #.# #.#.####
............####.# #.# #.......
..............##.#####.#
###.####


You could see a goblin.

Vanquished Creatures
  2 bats
  2 endoplasms
  A giant cockroach (D:1)
  3 goblins
  A hobgoblin (D:1)
  A quokka (D:1)
  5 kobolds
  A rat (D:2)
16 creatures vanquished.

Notes
Turn   | Place    | Note
-------+----------+-------------------------------------------
     0 | D:1      | Dorkslayer the Octopode Conjurer began the quest for the
                  | Orb.
     0 | D:1      | Reached XP level 1. HP: 11/11 MP: 3/3
   474 | D:1      | Reached XP level 2. HP: 17/17 MP: 3/5
  1180 | D:2      | Found a faded altar of an unknown god.
  1291 | D:2      | Noticed Robin
  1322 | D:1      | Succumbed to a goblin's poison

Illustrated notes

Levels and vault maps discovered:
D:1:      ebering_hopf_link, layout_basic
D:2:      layout_basic, shapermc_ecumenical_altar_pompeii, uniq_robin

Action                   || total
-------------------------++-------
Melee: Short sword       ||    13
       Constrict         ||     3
       Tentacles         ||     1
 Cast: Magic Dart        ||    20
  Use: Potion            ||     5
       Scroll            ||     1
Armor: Skin              ||     9
Dodge: Dodged            ||    18
